 Dungeon Crawl Stone Soup version 0.24.0-13-gcf9b319 (webtiles) character file.

Game seed: 9478388824374572703, levelgen mode: deterministic

27 Bronimir the Firebug (level 3, -1/32 HPs)
             Began as an Ogre Fire Elementalist on Mar 28, 2020.
             Was an Initiate of Nemelex Xobeh.
             Succumbed to a worker ant's poison
             ... on level 4 of the Dungeon.
             The game lasted 00:03:41 (1439 turns).

Bronimir the Firebug (Ogre Fire Elementalist)       Turns: 1439, Time: 00:03:42

Health: -1/32      AC:  3    Str: 13    XL:     3   Next: 10%
Magic:  1/7        EV: 12    Int: 16    God:    Nemelex Xobeh [......]
Gold:   46         SH:  0    Dex:  9    Spells: 7/8 levels left

rFire    . . .     SeeInvis .   a - +0 club
rCold    . . .     Gourm    .   (no shield)
rNeg     . . .     Faith    .   m - +0 robe
rPois    .         Spirit   .   (helmet restricted)
rElec    .         Reflect  .   (no cloak)
rCorr    .         Harm     +   (gloves unavailable)
MR       .....                  (boots unavailable)
Stlth    +.........             l - amulet of harm
HPRegen  0.10/turn              i - +2 ring of evasion
MPRegen  0.10/turn              (no ring)

@: lethally poisoned (-1 -> -32), very slightly contaminated, invisible
A: large, unfitting armour, tough skin 1
a: Draw Escape, Draw Destruction, Draw Summoning, Renounce Religion


You were on level 4 of the Dungeon.
You worshipped Nemelex Xobeh.
Nemelex Xobeh was noncommittal.
You were hungry.

You visited 1 branch of the dungeon, and saw 3 of its levels.

You collected 46 gold pieces.

Inventory:

Hand Weapons
 a - a +0 club (weapon)
 e - a +0 short sword
Missiles
 g - 18 stones (quivered)
 j - 21 arrows
 n - 21 sling bullets
Armour
 m - a +0 robe (worn)
Jewellery
 i - a +2 ring of evasion (left hand)
 l - an amulet of harm (around neck)
Scrolls
 k - a scroll of remove curse {unknown}
Potions
 b - a potion of curing {unknown}
 d - a potion of berserk rage {unknown}
Comestibles
 c - 2 rations


   Skills:
 + Level 0.3 Fighting
 + Level 0.2 Short Blades
 + Level 1.7 Dodging
 - Level 1.4 Stealth
 * Level 3.1 Spellcasting
 * Level 1.0 Conjurations
 * Level 3.2 Fire Magic


You had 7 spell levels left.
You knew the following spells:

 Your Spells              Type           Power        Failure   Level  Hunger
a - Flame Tongue          Conj/Fire      #....        8%          1    None

Your spell library contained the following spells:

 Spells                   Type           Power        Failure   Level  Hunger
 Throw Flame              Conj/Fire      #.....       12%         2    ##.....
 Conjure Flame            Conj/Fire      #.......     22%         3    ###....
 Inner Flame              Hex/Fire       #.......     28%         3    ###....
 Sticky Flame             Conj/Fire      #.......     58%         4    ####...
 Fireball                 Conj/Fire      #.........   91%         5    ######.


Dungeon Overview and Level Annotations

Branches:
Dungeon (2/15)

Altars:
Nemelex Xobeh


Innate Abilities, Weirdness & Mutations

You are too large for most types of armour.
You have tough skin. (AC +1)


Message History

The worker ant is heavily wounded.
You feel sick. The worker ant bites you.
You are lethally poisoned!
The worker ant poisons you! The worker ant barely misses you.
You closely miss the worker ant.
The worker ant is heavily wounded.
You feel sick. The worker ant closely misses you.
You barely miss the worker ant.
The worker ant is heavily wounded.
You feel sick. The worker ant bites you!
* * * LOW HITPOINT WARNING * * *
You are more poisoned.
The worker ant poisons you! The worker ant bites you.
* * * LOW HITPOINT WARNING * * *
You are more poisoned.
The worker ant poisons you!
It was a potion of invisibility.
You fade into invisibility!
You die...
Your body disappears without a glow.

######
#..@.#
#.##a#
#.# h#
#.# .#
..# .#
### ..
##


You could see a hound and a worker ant.

Vanquished Creatures
  A dart slug (D:1)
  3 leopard geckos
  3 bats (D:1)
  A goblin (D:2)
  3 hobgoblins (D:1)
  4 jackals (D:1)
  A frilled lizard (D:1)
  A kobold (D:1)
  3 rats (D:1)
20 creatures vanquished.

Notes
Turn   | Place    | Note
-------+----------+-------------------------------------------
     0 | D:1      | Bronimir the Ogre Fire Elementalist began the quest for the
                  | Orb.
     0 | D:1      | Reached XP level 1. HP: 16/16 MP: 3/3
   212 | D:1      | Found a sparkling altar of Nemelex Xobeh.
   258 | D:1      | Became a worshipper of Nemelex Xobeh the Trickster
   350 | D:1      | Received a gift from Nemelex Xobeh
   455 | D:1      | Reached skill level 1 in Conjurations
   455 | D:1      | Reached XP level 2. HP: 20/24 MP: 0/5
   955 | D:1      | Reached XP level 3. HP: 32/32 MP: 7/7
  1245 | D:2      | You fall into a shaft and drop 2 floors!
  1438 | D:4      | HP: 1/32 [worker ant (3)]
  1439 | D:4      | Succumbed to a worker ant's poison

Levels and vault maps discovered:
D:1:      minmay_arrival_widening_spiral_wide, layout_basic,
          nemelex_altar_shiori
D:2:      layout_basic, nicolae_overflow_hidden_temple, minmay_quadrilaterals,
          uniq_robin, uniq_crazy_yiuf_cottage
D:4:      layout_loops_ring, overflow_temple_1_default,
          minmay_temple_entry_trees, chequers_serial_rivers_room_a

Skill      XL: |  1  2 |
---------------+-------+-----
Conjurations   | 1 |  1.0
Fire Magic     | 3 |  3.2
Spellcasting   | 3 |  3.1
Fighting       | |  0.3
Short Blades   | |  0.2
Dodging        | |  1.7
Stealth        | |  1.4

Action                   || total
-------------------------++-------
Melee: Short sword       ||    21
       Club              ||    46
 Cast: Flame Tongue      ||    26
  Use: Scroll            ||     2
       Potion            ||     1
  Eat: Chunk             ||     1
Armor: Robe              ||    30
Dodge: Dodged            ||    80
